 Dungeon Crawl Stone Soup version 0.31.0-9-g3a7656b989 (console) character file.

Game seed: 18276475379388714625

124032 AlterAsc the Executioner (level 17, -39/131 HPs)
             Began as a Formicid Fighter on Jan 27, 2024.
             Was the Champion of Okawaru.
             Killed from afar by a fire dragon (51 damage)
             ... with a blast of flame
             ... on level 1 of the Depths.
             The game lasted 01:20:27 (26081 turns).

AlterAsc the Executioner (Formicid Fighter)        Turns: 26081, Time: 01:20:27

Health: -39/131    AC: 37    Str: 33    XL:     17   Next: 47%
Magic:  16/22      EV:  9    Int:  8    God:    Okawaru [******]
Gold:   1580       SH: 14    Dex: 17    Spells: 16/16 levels left

rFire   . . .        g - +5 executioner's axe (elec)
rCold   + . .        c - +0 buckler
rNeg    + . .        b - +4 crystal plate armour {rC+}
rPois   +            (helmet unavailable)
rElec   .            E - +2 ratskin cloak {*Rats rPois rN+ Str-1 Int-1 Dex+1}
rCorr   .            w - +1 pair of gloves
SInv    +            X - +1 pair of boots "Itim" {rPois Regen+ Dex+3}
Will    ++...        j - amulet of reflection Stlth
                     l - +6 ring of strength
HPRegen 1.21/turn    W - ring of willpower
MPRegen 0.18/turn

%: reflection
@: heroic, finesse-ful, studying Ice Magic
A: permanent stasis, dig shafts and tunnels, antennae 3, four strong arms
a: Dig, Shaft Self, Renounce Religion, Heroism, Finesse, Duel


You were on level 1 of the Depths.
You worshipped Okawaru.
Okawaru was exalted by your worship.
You visited 5 branches of the dungeon, and saw 24 of its levels.
You also visited: Sewer, Bailey and Ice Cave.

You collected 2039 gold pieces.
You spent 459 gold pieces at shops.

Inventory:

Hand Weapons
 a - the +1 long sword "Lemajiula" {vamp, rF+++ Str+3 Int+3 Dex-5 Stlth+}
   (You found it on level 9 of the Dungeon)

   Str+3:     It affects your strength (+3).
   Int+3:     It affects your intelligence (+3).
   Dex-5:     It affects your dexterity (-5).
   rF+++:     It renders you almost immune to fire.
   Stlth+:    It makes you more stealthy.
 g - a +5 executioner's axe of electrocution (weapon)
 k - a +2 battleaxe of flaming
Missiles
 B - 4 throwing nets
 T - 33 poisoned darts
Armour
 b - a +4 crystal plate armour of cold resistance (worn)
 c - a +0 buckler (worn)
 f - the +8 chain mail of Qawalumi {rPois rC+ Stlth+}
   (You found it in a bailey)

   rC+:       It protects you from cold.
   rPois:     It protects you from poison Stlth+: It makes you more stealthy.
 o - the +0 plate armour of Lifelessness {^Contam rElec Int+3}
   (Okawaru gifted it to you on level 1 of the Lair of Beasts)

   Int+3:     It affects your intelligence (+3).
   rElec:     It insulates you from electricity.
   ^Contam:   It causes magical contamination when unequipped.
 w - a +1 pair of gloves (worn)
 E - the +2 ratskin cloak (worn) {*Rats rPois rN+ Str-1 Int-1 Dex+1}
   (You found it on level 4 of the Dungeon)

   *Rats:     When the wearer is hurt, rats may emerge from it to assist them.
   Str-1:     It affects your strength (-1).
   Int-1:     It affects your intelligence (-1).
   Dex+1:     It affects your dexterity (+1).
   rPois:     It protects you from poison rN+: It protects you from negative
   energy.
 S - a +4 ring mail of fire resistance
 X - the +1 pair of boots "Itim" (worn) {rPois Regen+ Dex+3}
   (You found it on level 13 of the Dungeon)

   Dex+3:     It affects your dexterity (+3).
   rPois:     It protects you from poison Regen+: It increases your rate of
   health regeneration.
Jewellery
 j - an amulet of reflection (around neck)
 l - a +6 ring of strength (left hand)
 v - a +4 ring of protection
 O - a ring of flight
 R - a ring of positive energy
 W - a ring of willpower (right hand)
Wands
 u - a wand of charming (24)
 C - a wand of polymorph (4)
 F - a wand of digging (19)
 H - a wand of roots (36)
 P - a wand of flame (29)
 Q - a wand of acid (6)
Scrolls
 d - 4 scrolls of torment
 e - 3 scrolls of amnesia
 h - 2 scrolls of silence
 q - 6 scrolls of immolation
 r - a scroll of fear
 y - a scroll of brand weapon
 z - 5 scrolls of revelation
 D - 7 scrolls of fog
 I - 2 scrolls of noise
 J - 5 scrolls of poison
 N - 4 scrolls of vulnerability
Potions
 i - 5 potions of enlightenment
 m - 2 potions of invisibility
 n - 2 potions of might
 p - 3 potions of resistance
 t - 4 potions of curing
 x - 9 potions of mutation
 A - 2 potions of degeneration
 G - 2 potions of cancellation
 M - 2 potions of attraction
 U - 4 potions of brilliance
 V - a potion of heal wounds
 Y - a potion of lignification
 Z - 3 potions of ambrosia
Miscellaneous
 L - a phial of floods


   Skills:
 + Level 11.2(16.2) Fighting
 - Level 24.0(27) Axes
 + Level 11.2(16.2) Armour
 + Level 12.3(17.3) Shields
 - Level 7.0 Invocations


You had 16 spell levels left.
You didn't know any spells.
Your spell library contained the following spells:

 Spells                   Type           Power      Damage    Failure   Level
 Cigotuvi's Dreadful Rot  Necr/Alch/Air  0%         N/A       100%        2
 Ensorcelled Hibernation  Hex/Ice        0%         N/A       100%        2
 Lesser Beckoning         Tloc           0%         N/A       100%        2
 Frozen Ramparts          Ice            0%         1d1       100%        3
 Fugue of the Fallen      Necr           0%         N/A       100%        3
 Gell's Gravitas          Tloc           0%         N/A       100%        3
 Hailstorm                Conj/Ice       0%         3d5       100%        3
 Ozocubu's Armour         Ice            0%         N/A       100%        3
 Passwall                 Erth           0%         N/A       100%        3
 Teleport Other           Tloc           0%         N/A       100%        3
 Volatile Blastmotes      Fire/Tloc      0%         2d10      100%        3
 Fulminant Prism          Conj/Alch      0%         3d5       100%        4
 Ignite Poison            Fire/Alch      0%         N/A       100%        4
 Iskenderun's Mystic Bla  Conj/Tloc      0%         2d3       100%        4
 Leda's Liquefaction      Alch/Erth      0%         N/A       100%        4
 Manifold Assault         Tloc           0%         N/A       100%        4
 Petrify                  Alch/Erth      0%         N/A       100%        4
 Freezing Cloud           Conj/Ice/Air   0%         6-21      100%        5
 Metabolic Englaciation   Hex/Ice        0%         N/A       100%        5
 Dispersal                Tloc           0%         N/A       100%        6
 Eringya's Noxious Bog    Alch           0%         4d6       100%        6
 Borgnjor's Revivificati  Necr           0%         N/A       100%        8
 Disjunction              Tloc           0%         N/A       100%        8
 Death's Door             Necr           0%         N/A       100%        9
 Summon Ice Beast         Ice/Summ       Unusable   N/A       N/A         3
 Swiftness                Air            Unusable   N/A       N/A         3
 Summon Forest            Summ/Tloc      Unusable   N/A       N/A         5
 Sculpt Simulacrum        Ice/Alch       Unusable   N/A       N/A         6
 Haunt                    Necr/Summ      Unusable   N/A       N/A         7
 Summon Hydra             Summ           Unusable   N/A       N/A         7

Dungeon Overview and Level Annotations

Branches:
Dungeon (15/15)            Temple (1/1) D:6            Lair (5/5) D:11
 Shoals (0/4) Lair:3       Spider (0/4) Lair:2        Slime (0/5) Lair:5
    Orc (2/2) D:12            Elf (0/3) Orc:2        Vaults (0/5) D:14
 Depths (1/4) D:15          Sewer (visited)          Bailey (visited)
  IceCv (visited)

Altars:
Ashenzari
Cheibriados
Dithmenos
Elyvilon
Fedhas
Gozag
Hepliaklqana
Kikubaaqudgha
Makhleb
Nemelex Xobeh
Okawaru
Qazlal
Ru
Sif Muna
Trog
Uskayaw
Vehumet
Wu Jian
Xom
Yredelemnul
Zin
The Shining One
Jiyva

Shops:
D:8 [   D:12 [   Orc:2 ?***

Portals:
Hell: Depths:1

Annotations:
Lair:4 exclusion: oklob plant
Depths:1 exclusions: door and 1 more exclusion


Innate Abilities, Weirdness & Mutations

You cannot be hasted, slowed, berserked, paralysed or teleported.
You can dig through walls and to a lower floor.
You have a pair of large antennae on your head. (SInv)
Your four strong arms can wield two-handed weapons with a shield.


Message History

You block the fire dragon's attack. x2
The fire dragon tramples you but does no damage.
The frost giant hits you with a +0 battleaxe of freezing!
* * * LOW HITPOINT WARNING * * *
The frost giant freezes you.
* * * LOW HITPOINT WARNING * * *
You completely miss the fire dragon.
The fire dragon is heavily wounded.
You slash the frost giant! You slice the frost giant!!
The frost giant hits you but does no damage.
You slice the fire dragon!!
The fire dragon is severely wounded.
You slash the frost giant! You slice the frost giant!!
You slash the fire dragon!
The fire dragon is almost dead.
You slice the frost giant!!
Lightning courses through the frost giant!!
You kill the frost giant!
Okawaru accepts your kill.
You slice the frost giant!!
The fire dragon bites you but does no damage.
You block the fire dragon's attack. The fire dragon completely misses you.
You closely miss the fire dragon.
The fire dragon is severely wounded.
You slash the frost giant!
The frost giant hits you but does no damage.
You hit the fire dragon.
The fire dragon is almost dead.
You cut the frost giant into ribbons!!!
You kill the frost giant!
Okawaru accepts your kill. You block the fire dragon's attack. x2
The fire dragon tramples you but does no damage.
Things that are here:
a +2 battleaxe of freezing; a frost giant corpse You barely miss the fire dragon.
The fire dragon is almost dead.
The fire dragon breathes flames at you. The blast of flame hits you!!!
You die...

....#....... ..#.#.....#
###.#.....# #
....#.....# .# ...
#####.....# #.# ,...
.....))...# ####..# ....
######....###.#...#.....
..............#...#...
.......######..#.#..#
................#...#
[.#####.#####.†#@#..#
..# .# #.#).D# ..# ..
#.#...# ..# ..#)..# ..#
....#.#..+ ..#
......#...... ..#
###...# #...## ..# .#.#
#.#$. #.# ...# #... .#
...# #. #


You could see a fire dragon (catching breath).

Vanquished Creatures
  3 frost giants (Depths:1)
  A reaper (IceCv)
  3 very ugly things (Depths:1)
  2 stone giants
  3 ettins (Depths:1)
  A fire dragon (Depths:1)
  Fannar (D:10)
  4 hydras
  2 rakshasas (D:13)
  A spriggan air mage (Depths:1)
  2 catoblepae
  3 vault guards (D:14)
  An ogre mage (D:13)
  6 centaur warriors
  4 boulder beetles
  A dancing weapon (D:13)
  A death knight (D:15)
  14 death yaks
  5 tengu warriors
  4 two-headed ogres
  2 orc high priests (Orc:2)
  2 vampire magi (D:13)
  8 skeletal warriors
  A skyshark (Lair:4)
  An arcanist (D:14)
  A deep elf archer (D:14)
  A flayed ghost (D:13)
  A lindwurm (Lair:5)
  A phantasmal warrior (D:15)
  6 orc knights
  A lindwurm (shapeshifter) (D:13)
  4 deep elf pyromancers
  6 orc sorcerers
  A harpy (shapeshifter) (D:13)
  4 cyclopes
  A wolf spider (D:12)
  14 ugly things
  Maurice (D:7)
  A manticore (D:6)
  2 guardian serpents (D:14)
  2 ice statues (IceCv)
  A meliai (shapeshifter) (D:13)
  4 torpor snails
  3 meliai (D:15)
  12 elephants
  3 kobold blastminers
  8 black mambas
  2 gargoyles
  10 cane toads
  3 unseen horrors
  Joseph (D:7)
  An unseen horror (shapeshifter) (D:13)
  4 rime drakes
  2 kobold demonologists
  2 komodo dragons (Lair:4)
  6 ice devils (IceCv)
  2 freezing wraiths
  2 tengu conjurers
  4 guardian mummies (D:13)
  7 trolls
  A polar bear (D:13)
  A raiju (shapeshifter) (D:13)
  2 hornets (D:8)
  28 blink frogs
  A wolf spider simulacrum (D:13)
  6 dream sheep (Lair:5)
  3 slime creatures (D:14)
  3 shadows
  3 culicivoras (Lair:2)
  A centaur simulacrum (D:13)
  A wraith (D:11)
  5 wyverns
  7 vampires
  A basilisk (shapeshifter) (D:13)
  40 yaks
  6 basilisks
  3 wargs
  3 golden eyes (D:13)
  2 humans (D:14)
  11 vampire mosquitoes
  2 death yak simulacra (IceCv)
  2 steam dragons
  A chaos spawn (D:13)
  An acid dragon (shapeshifter) (D:13)
  3 acid dragons
  15 water moccasins
  A hydra simulacrum (IceCv)
  4 spectral shapeshifters (D:13)
  6 ice beasts
  A meliai simulacrum (D:13)
  5 sky beasts
  26 orc warriors
  6 laughing skulls
  2 black bears (D:6)
  7 ogres
  10 centaurs
  6 wolves (Lair:1)
  2 phantoms (D:5)
  9 kobold brigands
  2 brain worms (Sewer)
  17 bullfrogs
  3 scorpions
  A wyvern zombie (D:5)
  A cane toad simulacrum (IceCv)
  2 two-headed ogre simulacra (D:11)
  An elephant simulacrum (IceCv)
  4 electric eels
  5 howler monkeys
  2 bullfrog zombies (D:5)
  2 centaur zombies (D:5)
  20 orc priests
  3 bombardier beetles
  2 bullfrog skeletons (D:5)
  A gnoll bouda (D:8)
  3 hounds
  5 jellies (Lair:5)
  2 iguanas
  A hell rat (Lair:5)
  39 orc wizards
  2 polar bear simulacra (IceCv)
  4 shapeshifter simulacra (D:13)
  4 troll simulacra
  A scorpion zombie (D:5)
  5 spriggan simulacra
  A wolf simulacrum (IceCv)
  A howler monkey zombie (D:5)
  6 gnolls
  14 adders
  5 naga simulacra
  2 river rats (Sewer)
  A shadow imp (D:7)
  8 white imps (D:13)
  An ufetubus (D:13)
  An adder zombie (D:5)
  2 adder skeletons (D:5)
  3 dart slugs
  3 ribbon worms
  69 orcs
  9 endoplasms
  6 giant cockroaches
  4 goblins
  5 hobgoblins
  6 jackals
  40 kobolds
  5 quokkas
  14 ball pythons
  5 bats
  7 frilled lizards
  9 rats
796 creatures vanquished.

Vanquished Creatures (collateral kills)
  A water moccasin zombie (D:5)
  2 orc priests
  A sleepcap (D:6)
  An iguana (D:5)
  An orc (D:4)
6 creatures vanquished.

Vanquished Creatures (others)
  An orc priest (Orc:1)
  An orc wizard (Orc:2)
  An ufetubus (IceCv)
  A kobold (D:10)
4 creatures vanquished.

Grand Total: 806 creatures vanquished

Notes
Turn   | Place    | Note
-------+----------+-------------------------------------------
     0 | D:1      | AlterAsc the Formicid Fighter began the quest for the Orb.
     0 | D:1      | Reached XP level 1. HP: 18/18 MP: 1/1
    98 | D:1      | Reached XP level 2. HP: 22/24 MP: 2/2
   253 | D:1      | Reached skill level 3 in Axes
   339 | D:1      | Reached XP level 3. HP: 29/29 MP: 3/3
   411 | D:1      | Found a faded altar of an unknown god.
   982 | D:2      | Reached skill level 4 in Axes
   982 | D:2      | Reached XP level 4. HP: 35/35 MP: 4/4
  1956 | D:3      | Reached XP level 5. HP: 41/41 MP: 5/5
  1991 | D:3      | Found a glowing drain.
  1995 | Sewer    | Entered a sewer
  2005 | Sewer    | Reached skill level 5 in Axes
  2126 | Sewer    | Noticed a brain worm
  2135 | Sewer    | Killed a brain worm
  2136 | Sewer    | Reached XP level 6. HP: 27/47 MP: 4/6
  2282 | Sewer    | Reached skill level 6 in Axes
  3435 | D:4      | Reached skill level 7 in Axes
  3435 | D:4      | Reached XP level 7. HP: 52/52 MP: 7/7
  3472 | D:4      | Found the +2 ratskin cloak {*Rats rPois rN+ Str-1 Int-1
                  | Dex+1}
  4218 | D:5      | Entered Level 5 of the Dungeon
  4257 | D:5      | Reached skill level 8 in Axes
  4344 | D:5      | Reached XP level 8. HP: 55/58 MP: 8/8
  4466 | D:5      | Reached skill level 9 in Axes
  4917 | D:5      | Reached skill level 10 in Axes
  5373 | D:6      | Reached XP level 9. HP: 64/64 MP: 9/9
  5466 | D:6      | Found a staircase to the Ecumenical Temple.
  5475 | Temple   | Entered the Ecumenical Temple
  5489 | D:6      | Reached skill level 11 in Axes
  5754 | D:6      | Identified the +7 spear of the Neverending Seas {flame,
                  | *Corrode Int+4}
  5781 | D:6      | Noticed a manticore
  5794 | D:6      | Killed a manticore
  5998 | D:6      | Noticed a two-headed ogre
  6008 | D:6      | Reached skill level 12 in Axes
  6014 | D:6      | Killed a two-headed ogre
  6030 | D:6      | Reached skill level 13 in Axes
  6030 | D:6      | Reached XP level 10. HP: 60/70 MP: 10/10
  6149 | D:6      | Reached skill level 16 in Axes
  6149 | D:6      | Reached XP level 11. HP: 75/75 MP: 11/11
  6598 | D:7      | Reached skill level 17 in Axes
  6694 | D:7      | Noticed Maurice
  6705 | D:7      | Maurice stole an amulet of faith
  6709 | D:7      | Maurice stole the +7 spear of the Neverending Seas {flame,
                  | *Corrode Int+4}
  6720 | D:7      | Maurice stole 46 stones
  6721 | D:7      | Maurice stole 237 gold
  6724 | D:7      | Killed Maurice
  6892 | D:7      | Noticed Joseph
  6937 | D:7      | Killed Joseph
  7299 | D:8      | Found Costit's Armour Emporium.
  7306 | D:8      | Reached skill level 5 in Shields
  7704 | D:8      | Found an iron altar of Okawaru.
  7704 | D:8      | Found a basalt altar of Yredelemnul.
  7711 | D:8      | Found a hide-covered altar of Uskayaw.
  7714 | D:8      | Became a worshipper of Warmaster Okawaru
  7718 | D:8      | Found a shimmering altar of Xom.
  7720 | D:8      | Found a sparkling altar of Nemelex Xobeh.
  8681 | D:9      | Identified the +1 long sword "Lemajiula" {vamp, rF+++ Str+3
                  | Int+3 Dex-5 Stlth+}
  8708 | D:9      | Reached * piety under Okawaru
  8807 | D:9      | Reached skill level 5 in Armour
  8807 | D:9      | Reached skill level 1 in Invocations
  8813 | D:9      | Reached skill level 5 in Fighting
  8914 | D:9      | Found a flagged portal.
  8935 | Bailey   | Entered a bailey
  9091 | Bailey   | Reached ** piety under Okawaru
  9103 | Bailey   | Found a large runed translucent door.
  9103 | Bailey   | Found a large runed translucent door.
  9103 | Bailey   | Noticed an orc knight
  9104 | Bailey   | Noticed a deep elf pyromancer
  9142 | Bailey   | Killed an orc knight
  9143 | Bailey   | Reached XP level 12. HP: 17/86 MP: 13/13
  9147 | Bailey   | HP: 3/86 [orc warrior/+0 halberd (17)]
  9459 | Bailey   | Identified the +8 chain mail of Qawalumi {rPois rC+ Stlth+}
 10248 | D:10     | Entered Level 10 of the Dungeon
 10257 | D:10     | Noticed Fannar
 10385 | D:10     | Reached *** piety under Okawaru
 10390 | D:10     | Killed Fannar
 10493 | D:10     | Identified the +7 falchion of the Solstice {spect, rCorr}
 11187 | D:11     | Found a frozen archway.
 11217 | IceCv    | Entered an ice cave
 11643 | IceCv    | Reached **** piety under Okawaru
 12024 | IceCv    | Noticed a reaper
 12052 | IceCv    | Killed a reaper
 12053 | IceCv    | Reached XP level 13. HP: 51/96 MP: 15/15
 12697 | D:11     | Found a staircase to the Lair.
 13202 | D:12     | Reached skill level 18 in Axes
 13205 | D:12     | Reached ***** piety under Okawaru
 13466 | D:12     | Found Cyew's Antique Armour Shop.
 13691 | D:12     | Found a staircase to the Orcish Mines.
 13885 | D:12     | Noticed a centaur warrior
 13898 | D:12     | Killed a centaur warrior
 14230 | D:12     | Reached skill level 10 in Shields
 14516 | Lair:1   | Entered Level 1 of the Lair of Beasts
 14546 | Lair:1   | Reached skill level 5 in Invocations
 14610 | Lair:1   | Received a gift from Okawaru
 14662 | Lair:1   | You fall into a shaft and drop 1 floor!
 15254 | Lair:1   | Received a gift from Okawaru
 15391 | Lair:1   | Reached XP level 14. HP: 108/108 MP: 18/18
 15687 | Lair:1   | Reached ****** piety under Okawaru
 15688 | Lair:1   | Acquired a +4 executioner's axe of electrocution
 15688 | Lair:1   | Received a gift from Okawaru
 15689 | Lair:1   | Acquired the +0 plate armour of Lifelessness {^Contam rElec
                  | Int+3}
 15689 | Lair:1   | Received a gift from Okawaru
 16381 | Lair:2   | Reached skill level 19 in Axes
 16394 | Lair:2   | Received a gift from Okawaru
 16764 | Lair:2   | Found a hole to the Spider Nest.
 17624 | Lair:3   | Received a gift from Okawaru
 17628 | Lair:3   | Reached skill level 20 in Axes
 17645 | Lair:3   | Identified the +0 ring mail "Tivaekae" {MP+9 Dex+3}
 17744 | Lair:3   | Found a staircase to the Shoals.
 18783 | Lair:4   | Received a gift from Okawaru
 19203 | Lair:5   | Entered Level 5 of the Lair of Beasts
 19215 | Lair:5   | Found a staircase to the Slime Pits.
 19233 | Lair:5   | Reached XP level 15. HP: 86/113 MP: 19/19
 19250 | Lair:5   | Found a viscous altar of Jiyva.
 19311 | Lair:5   | Reached skill level 21 in Axes
 20152 | Lair:5   | Received a gift from Okawaru
 20789 | Orc:1    | Entered Level 1 of the Orcish Mines
 20824 | Orc:1    | Reached skill level 22 in Axes
 21005 | Orc:2    | Entered Level 2 of the Orcish Mines
 21593 | Orc:2    | Found a staircase to the Elven Halls.
 21664 | Orc:2    | Found Saezetz's General Store.
 21664 | Orc:2    | Found Miatirche's Assorted Antiques.
 21665 | Orc:2    | Found Koeske's Assorted Antiques.
 21669 | Orc:2    | Found Sobaur's Magic Scroll Emporium.
 21673 | Orc:2    | Bought a scroll of identify for 46 gold pieces
 21673 | Orc:2    | Bought a scroll of identify for 46 gold pieces
 21673 | Orc:2    | Bought a scroll labelled GAGYZ DAOVVU for 23 gold pieces
 21677 | Orc:2    | Bought a scroll of identify for 32 gold pieces
 21677 | Orc:2    | Bought a scroll of identify for 32 gold pieces
 21679 | Orc:2    | Bought a small emerald ring for 200 gold pieces
 21679 | Orc:2    | Bought a scroll of identify for 80 gold pieces
 21991 | D:13     | Received a gift from Okawaru
 22288 | D:13     | Reached XP level 16. HP: 67/120 MP: 20/20
 22669 | D:13     | Reached skill level 23 in Axes
 22908 | D:13     | Found an ancient bone altar of Kikubaaqudgha.
 22910 | D:13     | Found a basalt altar of Yredelemnul.
 22910 | D:13     | Found a shimmering altar of Xom.
 22926 | D:13     | Received a gift from Okawaru
 23352 | D:13     | Found a shimmering altar of Xom.
 23428 | D:13     | Received a gift from Okawaru
 23678 | D:13     | Identified the staff "Killer Klown's Foe" {rElec rF+ Int-5
                  | Dex+3 Fire}
 23680 | D:13     | Identified the flux talisman "Tivvocs" {Int+3 Slay+2}
 23685 | D:13     | Identified the +1 pair of boots "Itim" {rPois Regen+ Dex+3}
 24370 | D:14     | Reached skill level 24 in Axes
 24427 | D:14     | Found a hazy altar of Hepliaklqana.
 24591 | D:14     | Found a gate to the Vaults.
 24667 | D:14     | Reached skill level 10 in Fighting
 24670 | D:14     | Reached skill level 10 in Armour
 24822 | D:15     | Entered Level 15 of the Dungeon
 24872 | D:15     | Identified the +6 long sword of Chagrin {spect, rPois
                  | rCorr}
 25019 | D:15     | Received a gift from Okawaru
 25153 | D:15     | Reached XP level 17. HP: 121/128 MP: 22/22
 25302 | D:15     | Found a staircase to the Depths.
 25563 | D:15     | Found a snail-covered altar of Cheibriados.
 25660 | Depths:1 | Entered Level 1 of the Depths
 25903 | Depths:1 | Found a gateway to Hell.
 25911 | Depths:1 | Received a gift from Okawaru
 26081 | Depths:1 | Killed from afar by a fire dragon

Illustrated notes

Levels and vault maps discovered:
D:1:      dreamdust_arrival_beginning_and_end, layout_basic,
          hellmonk_ecumenical_altar_crossroads
D:2:      layout_basic
D:3:      layout_basic, mainiacjoe_sewer_entry_somewhere_in_here_2
D:4:      layout_loops_ring, st_stairs_10, minmay_crystal_water
D:5:      layout_loops_ring, serial_undead, serial_undead_d, serial_undead_c,
          serial_undead_b, serial_undead_a, serial_undead_c, serial_undead_e
D:6:      minmay_opposing_rooms, layout_basic, minmay_temple_entry_ruins
D:7:      layout_basic, uniq_joseph, uniq_maurice
D:8:      layout_basic, chequers_temple_overflow_minitemple, serial_shops, shop,
          hangedman_decor_points, kennysheep_dice
D:9:      layout_basic, enter_bailey_2
D:10:     layout_cave_pools, uniq_fannar
D:11:     layout_basic, lair_entry_dummy, portal_ice_cave_entry_ice_simulacra
D:12:     layout_basic, david_orc_2, serial_shops, shop
D:13:     skrybe_chaotic_catacombs, layout_basic, serial_ice, serial_ice_d,
          serial_ice_i, serial_ice_e, serial_ice_g, serial_ice_m, serial_ice_n,
          serial_ice_h, serial_park_tiny_pond, minivault_14
D:14:     layout_basic, grunt_vaults_entry_fortified,
          nicolae_hepliaklqana_hazy_memory, nrook_guardian_serpent_double
D:15:     grunt_enter_depths_snipers, layout_loops_ring, cheibriados_altar_2
Temple:   nicolae_temple_bog_church
Lair:1:   layout_gridlike
Lair:2:   layout_loops_ring, hellmonk_spider_entry_life_and_decay
Lair:3:   layout_cave_pods, elwin_shoals_entry_rocks,
          grunt_forest_large_clearing_hut, lemuel_fruit_tree
Lair:4:   layout_roguey, serial_bayou_shore_a
Lair:5:   hangedman_lair_in_review, layout_gridlike,
          nicolae_slime_entry_field_trip, chequers_serial_rivers_micro_c
Orc:1:    layout_caves, basic_altar, uniq_urug
Orc:2:    st_orc_mages, layout_caves
Depths:1: layout_basic, enter_ziggurat_c, pf_coc_iceberg,
          nicolae_twisting_strands, nicolae_rock_paper_scissors

Skill      XL: |  1  2  3  4  5  6  7  8  9 10 11 12 13 14 15 16 17 |
---------------+----------------------------------------------------+-----
Axes           | 3 4 5 7 8 10 13 16 17 18 20 22 24 | 24.0
Fighting       | 5 7 9 10 11 | 11.2
Armour         | 5 7 9 10 11 | 11.2
Shields        | 6 9 10 11 12 | 12.3
Invocations    | 2 3 6 7 |  7.0

Action                     |  1- 3 |  4- 6 |  7- 9 | 10-12 | 13-15 | 16-18 || total
---------------------------+-------+-------+-------+-------+-------+-------++-------
  Melee: War axe           |    90 |   217 |   225 |   500 |   320 |       ||  1352
         Halberd           |       |       |       |     7 |       |       ||     7
         Spear             |       |       |       |   123 |    53 |       ||   176
         Executioner's axe |       |       |       |       |   503 |   417 ||   920
         Battleaxe         |       |       |       |       |       |    11 ||    11
 Invoke: Heroism           |       |       |       |     1 |     5 |     5 ||    11
         Receive Weapon    |       |       |       |       |     1 |       ||     1
         Receive Armour    |       |       |       |       |     1 |       ||     1
         Finesse           |       |       |       |       |     1 |     3 ||     4
Ability: Dig               |       |       |     6 |       |     4 |       ||    10
         Shaft Self        |       |       |       |       |     1 |       ||     1
    Use: Potion            |       |       |     3 |     6 |     3 |     3 ||    15
         Scroll            |       |       |    10 |       |    19 |     6 ||    35
   Stab: Petrified         |       |       |       |       |     3 |       ||     3
 Armour: Chain mail        |    45 |   166 |   153 |   321 |     2 |       ||   687
         Scale mail        |     3 |       |       |       |       |       ||     3
         Skin              |       |       |    24 |     9 |       |       ||    33
         Ring mail         |       |       |       |    77 |       |       ||    77
         Crystal plate arm |       |       |       |       |   687 |   411 ||  1098
  Dodge: Dodged            |    39 |    97 |    76 |   180 |   147 |    84 ||   623
  Block: Buckler           |    12 |    59 |    43 |   115 |   257 |   218 ||   704
         Reflection        |       |       |       |       |    14 |    40 ||    54
